 Dungeon Crawl Stone Soup version 0.24-a0-498-ge00f04a389 (webtiles) character file.

Game seed: 4581366919313501620

0 Gargoyl the Skirmisher (level 1, -8/19 HPs)
             Began as a Centaur Abyssal Knight on July 14, 2019.
             Was a Follower of Lugonu.
             Mangled by a lorocyproca (27 damage)
             ... on level 1 of the Abyss.
             The game lasted 00:01:01 (317 turns).

Gargoyl the Skirmisher (Centaur Abyssal Knight)      Turns: 317, Time: 00:01:02

Health: -8/19      AC:  4    Str: 14    XL:     1   Next: 0%
Magic:  0/1        EV:  9    Int: 11    God:    Lugonu [*.....]
Gold:   0          SH:  0    Dex:  4    Spells: 0/0 levels left

rFire    . . .     SeeInvis .   a - +1 hand axe
rCold    . . .     Gourm    .   (no shield)
rNeg     . . .     Faith    .   b - +0 leather armour
rPois    .         Spirit   .   (no helmet)
rElec    .         Reflect  .   (no cloak)
rCorr    .         Harm     .   (no gloves)
MR       .....                  (no barding)
Stlth    ..........             (no amulet)
HPRegen  0.06/turn              (no ring)
MPRegen  0.07/turn              (no ring)

@: very quick
A: large, hooves 3, [blurry vision 2], [clumsy 2], deformed body, [deterioration
2], speed 2, [low mp 3], tough skin 3, [subdued magic 2]
a: Depart the Abyss, Renounce Religion


You were on level 1 of the Abyss.
You worshipped Lugonu.
Lugonu was aware of your devotion.
You were not hungry.

You visited 0 branches of the dungeon, and saw 0 of its levels.
You visited the Abyss 1 time.

Inventory:

Hand Weapons
 a - a +1 hand axe (weapon)
Armour
 b - a +0 leather armour (worn)
 d - a +0 helmet
Comestibles
 c - a ration


   Skills:
 + Level 3.0 Fighting
 + Level 1.7 Axes
 + Level 1.3 Armour
 + Level 0.6 Dodging
 + Level 2.0 Invocations


You couldn't memorise any spells.
You didn't know any spells.
Your spell library was empty.

Dungeon Overview and Level Annotations

Branches:
Dungeon (0/15)

Altars:


Innate Abilities, Weirdness & Mutations

You have hooves in place of feet.
Armour fits poorly on your strangely shaped body.
You cover ground very quickly.
You have extremely tough skin. (AC +3)
[Scrolls take you longer to read.]
[You are very clumsy. (Dex -4)]
[Your body often deteriorates upon taking damage.]
[Your magical capacity is extremely low. (-30% MP)]
[Your spells are easier to cast, but less powerful.]


Message History

An ancient zyme comes into view.
A soul eater comes into view.
You feel yourself growing ill in the presence of the ancient zyme.
Some rock shatters into small pieces.
You hear a grinding noise.
A tentacled starspawn comes into view.
You hear a grinding noise.
A small abomination comes into view.
Found a dagger.
An eye of draining comes into view.
The eye of draining turns its gaze towards you.
The eye of draining gazes at you.
You feel your power leaking away.
Found 3 gold pieces.
You hear a chilling moan.
Found a scroll labeled QIQUBOZACA.
A large abomination comes into view.
Something hits you!!
Ouch! That really hurt!
You die...

...................
....... ...........
..?................ .
#.....#.....#..... ..
##...###...## )..#
...#.....#.....#.....
....$................
............... .....
.......@........... .
...#.....#G....#....
##..X###...###. .
#..... .....# ...
#.#...#.##.###
........#. .#
..#...... ####
..#..###. #.. .#


You could see a large abomination and an eye of draining.

Vanquished Creatures (others)
  3 starspawn tentacles (Abyss:1)
3 creatures vanquished.

Notes
Turn   | Place    | Note
-------+----------+-------------------------------------------
     0 | Abyss:1  | Gargoyl the Centaur Abyssal Knight began the quest for the
                  | Orb.
     0 | Abyss:1  | Reached XP level 1. HP: 19/19 MP: 2/2
   140 | Abyss:1  | Noticed a large abomination
   179 | Abyss:1  | Noticed a wretched star
   186 | Abyss:1  | Noticed a chaos spawn
   216 | Abyss:1  | Noticed a tentacled starspawn
   225 | Abyss:1  | Noticed a small abomination
   244 | Abyss:1  | Noticed a cacodemon
   251 | Abyss:1  | Noticed an ancient zyme
   253 | Abyss:1  | Noticed a soul eater
   274 | Abyss:1  | Noticed a tentacled starspawn
   299 | Abyss:1  | Noticed a small abomination
   311 | Abyss:1  | Noticed an eye of draining
   314 | Abyss:1  | Noticed a large abomination
   317 | Abyss:1  | Mangled by a lorocyproca

Levels and vault maps discovered:
Abyss:1

Action                   || total
-------------------------++-------
  Use: Scroll            ||     1
Dodge: Dodged            ||     2

Table legend:
 A = Non-vault XP
 B = Vault XP
 C = Vault XP percentage of total XP
 D = Non-vault monster count
 E = Vault monster count
 F = Vault count percentage of total count
                 A         B        C        D         E       F
            +---------+---------+-------+---------+---------+-------
      Total |       0 |       0 |   N/A |       0 |       0 |  -nan
            +---------+---------+-------+---------+---------+-------
            +---------+---------+-------+---------+---------+-------
